Map: [ESL] Royal Blood

Players

Astrea - Winner!

  • Race: Protoss Protoss
  • Spawn Location: 7:00

Spirit

  • Race: Terran Terran
  • Spawn Location: 1:00

Event: ESL SC2 Masters 2023 Summer (Finals)

VOD

Have the link to the VOD?

Description

Time

  • Played on: June 16, 2023, 5:37 a.m.
  • Length: 13:23

All games in this series

Show
View Real Time Build Order
Export as new Build Order

Astrea Protoss - Winner!

Build Orders: Oracle Opening, Phoenix Opening 

Get SALT Encoding   

  12  0:00  Probe  
  13  0:12  Pylon  
  13  0:16  Probe  
  14  0:30  Gateway  
  14  0:32  Probe (Chrono Boost)  
  15  0:41  Probe (Chrono Boost), Assimilator  
  16  0:46  Probe (Chrono Boost)  
  17  0:51  Assimilator  
  17  0:58  Probe  
  18  1:10  Probe  
  19  1:16  Cybernetics Core  
  19  1:18  Zealot  
  21  1:22  Probe  
  22  1:26  Pylon  
  22  1:34  Probe  
  23  1:47  Probe  
  24  1:50  Adept (Chrono Boost)  
  26  1:54  Stargate  
  26  1:59  Probe  
  27  2:02  Warp Gate  
  27  2:12  Adept  
  27  2:15  Pylon  
  29  2:35  Oracle (Chrono Boost)  
  32  2:54  Nexus  
  32  2:55  Probe  
  33  3:05  Oracle (Chrono Boost)  
  36  3:08  Probe  
  37  3:20  Probe  
  37  3:24  Twilight Council  
  38  3:32  Probe  
  39  3:35  Pylon  
  39  3:53  Phoenix, Probe  
  42  3:56  Gateway  
  42  4:00  Gateway  
  42  4:04  Blink (Chrono Boost)  
  42  4:05  Probe  
  43  4:12  Probe  
  44  4:17  Probe  
  45  4:25  Probe  
  45  4:30  Probe  
  47  4:32  Stalker  
  49  4:44  Probe  
  48  4:47  Probe  
  48  4:52  Stalker  
  39  4:56  Probe  
  39  5:00  Stalker  
  39  5:05  Stalker  
  43  5:13  Probe  
  41  5:17  Stalker  
  45  5:32  Stalker  
  45  5:35  Stalker  
  47  5:41  Probe  
  48  5:47  Stalker  
  50  5:53  Probe  
  49  5:59  Stalker  
  49  6:03  Probe  
  52  6:06  Probe  
  53  6:12  Stalker  
  53  6:15  Probe  
  56  6:20  Stalker  
  56  6:22  Probe  
  59  6:27  Probe  
  59  6:30  Stalker  
  62  6:42  Pylon x2  
  62  6:59  Nexus  
  62  7:00  Probe x2  
  64  7:05  Stalker  
  66  7:10  Stalker  
  66  7:12  Probe x2  
  68  7:18  Stalker  
  68  7:19  Charge (Chrono Boost)  
  70  7:24  Probe x2  
  70  7:26  Pylon  
  72  7:34  Stalker x2  
  72  7:36  Probe  
  77  7:41  Probe  
  76  7:47  Stalker  
  76  7:48  Probe  
  76  7:50  Pylon  
  75  7:53  Probe  
  76  7:59  Stalker x2  
  76  8:00  Probe  
  76  8:05  Probe  
  82  8:11  Gateway  
  82  8:12  Probe, Gateway  
  83  8:19  Probe  
  84  8:26  Stalker x3  
  88  8:27  Probe  
  89  8:38  Probe  
  89  8:41  Probe  
  89  8:44  Probe  
  86  8:52  Gateway, Stalker x3  
  86  8:54  Gateway  
  90  9:07  Stalker x2  
  92  9:12  Forge  
  90  9:18  Forge  
  90  9:22  Zealot x2  
  90  9:23  Zealot  
  96  9:26  Shield Battery  
  96  9:28  Assimilator  
  96  9:32  Gateway x2  
  96  9:34  Pylon  
  96  9:35  Nexus, Pylon, Zealot x2  
  100  9:47  Protoss Ground Weapons Level 1 (Chrono Boost)  
  100  9:50  Zealot x3  
  100  9:51  Zealot  
  108  9:56  Pylon  
  108  10:02  Protoss Ground Armor Level 1 (Chrono Boost), Stalker x3  
  108  10:06  Pylon  
  114  10:13  Zealot x3  
  114  10:14  Zealot  
  116  10:27  Zealot x5  
  104  10:36  Probe x3  
  104  10:40  Stalker x4  
  104  10:42  Oracle  
  118  10:48  Probe  
  119  10:55  Probe  
  120  10:59  Zealot x5  
  120  11:00  Probe  
  131  11:10  Zealot x4  
  139  11:12  Robotics Facility  
  139  11:18  Pylon  
  139  11:26  Photon Cannon  
  139  11:31  Nexus  
  128  11:52  Zealot x9  
  80  12:12  Stalker x8  
  96  12:18  Zealot  
  96  12:22  Observer  
  99  12:42  Zealot x9  
  117  12:47  Dark Shrine  
  116  12:57  Nexus, Pylon  
  100  13:04  Zealot x7  
  114  13:09  Zealot  
Show
View Real Time Build Order
Export as new Build Order

Spirit Terran 

Build Orders:  

Get SALT Encoding   

  12  0:00  SCV  
  13  0:12  SCV  
  14  0:17  Supply Depot  
  14  0:24  SCV  
  15  0:38  SCV  
  15  0:39  Barracks  
  16  0:50  SCV  
  16  0:52  Refinery  
  17  1:02  SCV  
  18  1:05  Engineering Bay  
  18  1:14  SCV  
  19  1:29  Orbital Command, Marine  
  20  1:49  Barracks Reactor  
  20  1:55  SCV  
  20  1:57  Supply Depot  
  21  2:07  Bunker, SCV  
  22  2:16  Factory  
  22  2:20  SCV  
  23  2:26  Command Center  
  23  2:30  Marine  
  23  2:32  Marine  
  25  2:38  SCV  
  25  2:40  Refinery  
  25  2:43  Supply Depot  
  26  2:48  Marine  
  26  2:50  SCV  
  28  2:52  Marine  
  29  3:01  Starport  
  29  3:07  Widow Mine  
  29  3:10  Marine  
  31  3:13  SCV  
  31  3:19  Marine  
  31  3:25  SCV  
  32  3:30  Widow Mine  
  35  3:38  Medivac  
  35  3:40  Bunker  
  35  3:41  Marine  
  36  3:44  SCV  
  38  3:52  Factory Tech Lab  
  38  3:56  SCV  
  38  3:58  Orbital Command  
  39  4:03  Marine  
  39  4:05  Marine  
  40  4:14  Cyclone  
  42  4:20  Viking  
  42  4:24  Marine  
  45  4:26  Marine  
  47  4:31  SCV  
  47  4:32  SCV  
  48  4:41  Marine  
  48  4:43  SCV, Marine  
  48  4:50  SCV  
  46  4:59  Marine  
  47  5:01  Marine  
  48  5:11  Orbital Command  
  48  5:12  SCV  
  52  5:14  Starport Tech Lab  
  52  5:17  Marine  
  52  5:23  Marine  
  52  5:24  SCV  
  52  5:29  Siege Tank  
  53  5:36  SCV  
  53  5:39  SCV  
  53  5:41  Viking  
  54  5:43  Bunker  
  54  5:44  Marine  
  54  5:48  SCV  
  55  5:51  SCV  
  53  5:59  Barracks  
  53  6:00  Barracks, SCV  
  53  6:03  SCV  
  54  6:07  Siege Tank  
  57  6:13  SCV  
  57  6:14  Supply Depot  
  57  6:15  SCV  
  59  6:19  Marine  
  59  6:20  Marine  
  59  6:25  SCV  
  59  6:27  SCV  
  59  6:30  Engineering Bay  
  58  6:36  Supply Depot  
  58  6:37  SCV, Marine  
  58  6:39  SCV  
  62  6:47  Siege Tank  
  62  6:49  SCV  
  62  6:51  SCV  
  62  6:53  Barracks Tech Lab  
  64  6:59  Missile Turret  
  64  7:01  SCV, Marine  
  64  7:02  Marine  
  64  7:03  SCV  
  64  7:06  Refinery  
  64  7:08  Stimpack  
  65  7:13  Marine, SCV  
  65  7:14  Marine  
  63  7:15  SCV  
  63  7:19  Marine  
  64  7:25  SCV  
  64  7:26  Barracks  
  64  7:27  Barracks, SCV  
  64  7:32  Marine, Bunker  
  64  7:33  Marine x2  
  66  7:37  SCV  
  66  7:40  SCV, Marine  
  66  7:49  SCV, Combat Shield  
  66  7:50  Marine  
  67  7:55  Marine  
  67  7:56  Marauder  
  67  7:58  Marine  
  71  8:01  Barracks  
  69  8:09  Refinery  
  68  8:14  Marauder, Concussive Shells, Marine  
  68  8:15  Refinery  
  68  8:16  Marine  
  68  8:17  Marauder  
  73  8:26  Medivac  
  74  8:28  SCV x2  
  74  8:32  Marine  
  74  8:33  Marine  
  78  8:38  Marine  
  78  8:41  SCV, Marauder  
  78  8:43  SCV  
  76  8:50  Marine  
  76  8:51  Marine  
  75  8:56  Marine, Medivac  
  75  8:59  Supply Depot  
  78  9:02  Supply Depot  
  78  9:08  Marine  
  78  9:09  Marine  
  78  9:12  Marauder  
  77  9:19  Barracks Reactor, Supply Depot  
  77  9:21  Supply Depot  
  77  9:26  Marine  
  77  9:27  Supply Depot x2  
  78  9:38  Barracks  
  78  9:39  Factory Reactor  
  78  9:41  Marine, Marauder x2, SCV x2  
  78  9:42  Medivac  
  78  9:44  Marine  
  85  9:53  SCV  
  85  9:56  Engineering Bay  
  85  9:57  Marine, Supply Depot  
  85  9:58  Marine  
  85  9:59  Marine  
  89  10:02  Marine  
  89  10:03  Marauder x2  
  94  10:11  Medivac  
  95  10:15  Marine  
  95  10:16  Marine  
  95  10:21  Marine  
  95  10:23  Marine  
  95  10:24  Marauder x2  
  95  10:25  Marine  
  88  10:30  Widow Mine x2  
  88  10:33  Marine  
  88  10:34  Marine  
  85  10:41  Medivac  
  87  10:45  Marine, Marauder  
  87  10:47  Marine  
  87  10:49  Marine  
  91  10:50  Marine  
  91  10:52  Marine  
  91  10:56  Marine  
  91  11:02  Marine  
  90  11:05  Marine, Supply Depot  
  90  11:06  Marine x2  
  90  11:08  Marine  
  90  11:10  Marine  
  95  11:14  Widow Mine  
  95  11:16  Widow Mine  
  95  11:17  Marine  
  100  11:20  Marine  
  100  11:22  Marine  
  102  11:27  Marine x3  
  102  11:28  Marine  
  106  11:35  Marine  
  106  11:38  Marine  
  106  11:40  Marine  
  106  11:45  Marine x3  
  106  11:46  Marine  
  108  11:53  Marine  
  91  11:56  Marine  
  91  11:58  Marine  
  82  12:02  Marine  
  82  12:03  Marine  
  77  12:12  Marine  
  78  12:22  Marine  
Tags
 
Add a new tag
Caveats
  • Supply blocks, unpowered buildings, or Contaminate may cause inaccurate times.
  • Supply counts are checked every 10 seconds.